 Dungeon Crawl Stone Soup version 0.31-a0-636-ge1c0e020e0 (webtiles) character file.

Game seed: 18039368759009114011

18663 Essalna the Fighter (level 12, -11/132 HPs)
             Began as a Troll Shapeshifter on Aug 26, 2023.
             Was a High Priest of Makhleb.
             Killed from afar by Jorgrun (42 damage)
             ... with an entropic shot
             ... on level 13 of the Dungeon.
             The game lasted 00:38:54 (10543 turns).

Essalna the Fighter (Troll Shapeshifter)           Turns: 10543, Time: 00:38:55

Health: -11/132    AC:  5    Str: 41    XL:     12   Next: 29%
Magic:  14/14      EV:  7    Int:  6    God:    Makhleb [*****.]
Gold:   965        SH:  5    Dex:  9    Spells: 11/11 levels left

rFire   . .          .
                       - Unarmed
rCold   . . .        (no shield)
rNeg    . . .        B - +0 troll leather armour
rPois   .            (helmet currently unavailable)
rElec   .            (cloak currently unavailable)
rCorr   .            (gloves unavailable)
SInv    .            (boots unavailable)
Will    .....        r - amulet of reflection
Stlth   +            O - +6 ring of strength
HPRegen 2.02/turn    P - +6 ring of strength
MPRegen 0.14/turn

%: reflection
@: beast-form, grasped by roots, constricted, studying Fighting
A: beast (slay +4), large, unfitting armour, claws 3, regeneration 1, shaggy fur
1, tough skin 1
a: Begin Untransformation, Renounce Religion, Minor Destruction, Lesser Servant
of Makhleb, Major Destruction, Greater Servant of Makhleb


You were on level 13 of the Dungeon.
You worshipped Makhleb.
Makhleb was extremely pleased with you.
You were a hulking beast.
You visited 2 branches of the dungeon, and saw 14 of its levels.
You also visited: Ossuary.

You collected 965 gold pieces.

Inventory:

Armour
 a - a +1 animal skin
 e - a +0 hat
 w - an orb of mayhem
 B - a +0 troll leather armour (worn)
Jewellery
 l - a ring of magical power
 n - a ring of positive energy
 q - a ring of see invisible
 r - an amulet of reflection (around neck)
 v - a ring of magical power
 x - a ring of protection from fire
 y - an amulet of faith
 C - an amulet of the acrobat
 L - the ring "Ircheir" {Will- rCorr Int+6 Dex+8 SInv}
   (You found it on level 12 of the Dungeon)

   [ring of intelligence]

   Int+6:     It affects your intelligence (+6).
   Dex+8:     It affects your dexterity (+8).
   Will-:     It decreases your willpower.
   SInv:      It lets you see invisible.
   rCorr:     It protects you from acid and corrosion.
 O - a +6 ring of strength (left claw)
 P - a +6 ring of strength (right claw)
Talismans
 c - a beast talisman (active)
 d - a flux talisman
 M - a maw talisman
Wands
 F - a wand of flame (17)
 H - a wand of acid (7)
 I - a wand of polymorph (20)
Scrolls
 f - 2 scrolls of torment
 k - a scroll of vulnerability
 p - a scroll of silence
 s - 3 scrolls of identify
 u - 8 scrolls of teleportation
 A - a scroll of poison
 G - 5 scrolls of enchant weapon
 K - a scroll of revelation {unknown}
 N - a scroll of immolation
 S - a scroll of fear
Potions
 b - 4 potions of lignification
 g - a potion of haste
 h - a potion of invisibility
 i - 2 potions of mutation
 j - a potion of berserk rage
 m - 5 potions of degeneration
 o - 3 potions of brilliance
 t - 9 potions of curing
 z - 4 potions of might
 D - a potion of cancellation
 E - 3 potions of magic
 J - 2 potions of attraction
 Q - a potion of heal wounds
 R - a potion of enlightenment {unknown}


   Skills:
 + Level 12.0 Fighting
 + Level 3.0 Armour
 + Level 3.6 Dodging
 + Level 11.4 Unarmed Combat
 + Level 4.4 Invocations
 + Level 10.6 Shapeshifting


You had 11 spell levels left.
You didn't know any spells.
Your spell library contained the following spells:

 Spells                   Type           Power      Damage    Failure   Level
 Freeze                   Ice            0%         1d3       47%         1
 Kiss of Death            Conj/Necr      0%         2d5       47%         1
 Magic Dart               Conj           0%         1d3       47%         1
 Summon Small Mammal      Summ           0%         N/A       47%         1
 Scorch                   Fire           0%         2d5       63%         2
 Searing Ray              Conj           0%         2d4       63%         2
 Sublimation of Blood     Necr           0%         N/A       63%         2
 Call Canine Familiar     Summ           0%         N/A       85%         3
 Confusing Touch          Hex            0%         N/A       85%         3
 Frozen Ramparts          Ice            0%         1d1       85%         3
 Hailstorm                Conj/Ice       0%         3d3       85%         3
 Ignite Poison            Fire/Tmut/Pois 0%         N/A       85%         3
 Ozocubu's Armour         Ice            0%         N/A       85%         3
 Summon Guardian Golem    Hex/Summ       0%         N/A       85%         3
 Dispel Undead            Necr           0%         3d6       99%         4
 Flame Wave               Conj/Fire      0%         2d4       99%         4
 Fulminant Prism          Conj/Hex       0%         3d5       99%         4
 Petrify                  Tmut/Erth      0%         N/A       99%         4
 Sticky Flame             Conj/Fire      0%         2d3       99%         4
 Irradiate                Conj/Tmut      0%         3d11      100%        5
 Metabolic Englaciation   Hex/Ice        0%         N/A       100%        5
 Simulacrum               Ice/Necr       0%         N/A       100%        6
 Summon Cactus Giant      Summ           0%         N/A       100%        6
 Ignition                 Fire           0%         3d3       100%        8


Dungeon Overview and Level Annotations

Branches:
Dungeon (13/15)            Temple (0/1) D:7            Lair (1/5) D:8
    Orc (0/2) D:9         Ossuary (visited)
 Vaults: D:13-14

Altars:
Dithmenos
Elyvilon
Makhleb
Nemelex Xobeh
Okawaru
Ru
Uskayaw
Vehumet
Xom
Yredelemnul
Zin

Shops:
D:2 [   D:13 *(

Annotations:
D:13 Jorgrun


Innate Abilities, Weirdness & Mutations

You are a hulking beast.
Your limbs bulge with bestial killing power. (Slay +4)
You are too large for most types of armour.
You have claws for hands.
Your natural rate of healing is unusually fast.
You are covered in fur. (AC +1)
You have tough skin. (AC +1)


Message History

Press: ? - help, Dir - move target, f - Jorgrun
Aim: Jorgrun, wielding a +0 heavy quarterstaff and wearing a +2 robe of fire resistance (almost dead, about 39% to evade your claws)
You closely miss Jorgrun.
Jorgrun is almost dead.
Jorgrun hits you with a +0 heavy quarterstaff!
The grasping roots constrict you.
Attack: -) Claws
Press: ? - help, Dir - move target, f/p - Jorgrun
Aim: Jorgrun, wielding a +0 heavy quarterstaff and wearing a +2 robe of fire resistance (almost dead, about 39% to evade your claws)
You claw Jorgrun!
Jorgrun is almost dead.
Attack: -) Claws
Press: ? - help, Dir - move target, f/p - Jorgrun
Aim: Jorgrun, wielding a +0 heavy quarterstaff and wearing a +2 robe of fire resistance (almost dead, about 39% to evade your claws)
You barely miss Jorgrun.
Jorgrun is almost dead.
A vampire mosquito comes into view.
The vampire mosquito barely misses you. The vampire mosquito bites you.
The vampire mosquito draws strength from your injuries!
Jorgrun barely misses you. The grasping roots constrict you!
Attack: -) Claws
Press: ? - help, Dir - move target, f/p - Jorgrun
Aim: Jorgrun, wielding a +0 heavy quarterstaff and wearing a +2 robe of fire resistance (almost dead, about 39% to evade your claws)
You miss Jorgrun.
Jorgrun is almost dead.
The vampire mosquito bites you!
* * * LOW HITPOINT WARNING * * *
The vampire mosquito draws strength from your injuries!
The vampire mosquito barely misses you.
Attack: -) Claws
Press: ? - help, Dir - move target, f/p - Jorgrun
Aim: Jorgrun, wielding a +0 heavy quarterstaff and wearing a +2 robe of fire resistance (almost dead, about 39% to evade your claws)
You completely miss Jorgrun.
Jorgrun is almost dead.
The vampire mosquito bites you.
* * * LOW HITPOINT WARNING * * *
The vampire mosquito draws strength from your injuries!
Jorgrun points at you and mumbles some strange words.
The entropic shot hits you!!!
You die...

....................#
.........##++###....####
.........#....<#†.......
..#####..#.....#.........
..+ ..#.....#.#######..
..# .#<....'.#.?...# .
..# #.....#.#.....# ..#
#.....#.......# ..#
#....##h# ..# #....#gy#
..# #.......# ..#
####.#.y# ..# ......# ...
........ .........
.......... ..........


You could see Jorgrun and 2 vampire mosquitoes.

Vanquished Creatures
  Gastronok (D:8)
  A boulder beetle (D:12)
  5 two-headed ogres
  A fire crab (shapeshifter) (D:13)
  4 ugly things
  4 cyclopes
  A manticore (D:12)
  A gargoyle (D:8)
  An unseen horror (D:9)
  A komodo dragon (Lair:1)
  2 trolls
  Sigmund (D:5)
  A slime creature (D:12)
  8 yaks
  A shadow (D:12)
  A vampire (D:10)
  4 water elementals (D:10)
  2 wraiths
  A basilisk (Lair:1)
  7 vampire mosquitoes
  A steam dragon (D:7)
  2 water moccasins
  11 orc warriors
  A sky beast (D:7)
  3 ice beasts (D:6)
  3 ogres
  7 centaurs
  A phantom (D:6)
  3 kobold brigands
  3 scorpions (D:5)
  6 water moccasin zombies (Ossuary)
  3 bullfrogs
  4 wights (D:9)
  6 killer bees (D:9)
  7 howler monkeys
  2 hounds (D:6)
  3 jellies
  5 orc priests
  An iguana (D:4)
  Ijyb (D:4)
  15 orc wizards
  2 mummies (Ossuary)
  7 gnolls
  5 adders
  A river rat (D:8)
  2 white imps (D:7)
  3 adder zombies (Ossuary)
  A worm (D:2)
  4 dart slugs
  49 orcs
  6 endoplasms
  11 giant cockroaches
  6 goblins
  7 hobgoblins
  9 jackals
  2 quokkas (D:2)
  3 ball pythons
  7 bats
  A frilled lizard (D:3)
  7 gnoll zombies (Ossuary)
  2 hobgoblin zombies (Ossuary)
  23 kobolds
  4 kobold zombies (Ossuary)
  3 orc zombies (Ossuary)
  7 rats
  A spectral orc (D:9)
309 creatures vanquished.

Vanquished Creatures (collateral kills)
  2 orcs
2 creatures vanquished.

Vanquished Creatures (others)
  An unseen horror (D:11)
1 creature vanquished.

Grand Total: 312 creatures vanquished

Notes
Turn   | Place    | Note
-------+----------+-------------------------------------------
     0 | D:1      | Essalna the Troll Shapeshifter began the quest for the Orb.
     0 | D:1      | Reached XP level 1. HP: 18/18 MP: 0/0
    66 | D:1      | Reached skill level 1 in Fighting
    80 | D:1      | Reached XP level 2. HP: 27/27 MP: 1/1
   116 | D:1      | Found a faded altar of an unknown god.
   548 | D:1      | Reached XP level 3. HP: 33/33 MP: 2/2
   925 | D:2      | Found a shadowy altar of Dithmenos.
   966 | D:2      | Found Fozoyjoz's Antique Armour Shop.
  1617 | D:3      | Found a burning altar of Makhleb.
  1664 | D:3      | Became a worshipper of Makhleb the Destroyer
  1694 | D:3      | Reached XP level 4. HP: 42/42 MP: 3/3
  1758 | D:3      | Reached skill level 2 in Fighting
  2357 | D:4      | Reached XP level 5. HP: 50/50 MP: 4/4
  2385 | D:4      | Found a sand-covered staircase.
  2394 | Ossuary  | Entered an ossuary
  2417 | Ossuary  | Reached * piety under Makhleb
  2447 | Ossuary  | Reached XP level 6. HP: 59/59 MP: 5/5
  2473 | Ossuary  | Reached skill level 3 in Fighting
  2505 | Ossuary  | Reached skill level 5 in Unarmed Combat
  2539 | Ossuary  | Reached XP level 7. HP: 49/67 MP: 6/6
  2704 | D:4      | Reached ** piety under Makhleb
  2728 | D:4      | Reached skill level 5 in Shapeshifting
  2834 | D:4      | Noticed Ijyb
  2840 | D:4      | Killed Ijyb
  2926 | D:4      | Found a glowing silver altar of Zin.
  3126 | D:5      | Entered Level 5 of the Dungeon
  3145 | D:5      | Found a white marble altar of Elyvilon.
  3182 | D:5      | Reached skill level 4 in Fighting
  3210 | D:5      | Noticed Sigmund
  3219 | D:5      | Killed Sigmund
  3368 | D:5      | Reached XP level 8. HP: 68/79 MP: 7/7
  3870 | D:6      | Reached skill level 5 in Fighting
  4164 | D:5      | HP: 4/81 [poisoned by a gnoll]
  4169 | D:5      | HP: 3/81 [poisoned by a gnoll]
  4352 | D:6      | Found a shimmering altar of Xom.
  4445 | D:6      | Found an iron altar of Okawaru.
  4453 | D:6      | Reached *** piety under Makhleb
  4482 | D:6      | Reached XP level 9. HP: 72/89 MP: 8/8
  4541 | D:6      | Reached skill level 6 in Fighting
  4603 | D:6      | Found a shadowy altar of Dithmenos.
  4604 | D:6      | Found a sacrificial altar of Ru.
  4605 | D:6      | Found a radiant altar of Vehumet.
  4606 | D:6      | Found a hide-covered altar of Uskayaw.
  4817 | D:7      | HP: 4/92 [poisoned by a water moccasin]
  4822 | D:7      | HP: 2/92 [poisoned by a water moccasin]
  4939 | D:7      | Found a staircase to the Ecumenical Temple.
  5111 | D:7      | Reached skill level 7 in Fighting
  5410 | D:8      | Noticed Gastronok
  5497 | D:8      | Killed Gastronok
  5498 | D:8      | Reached skill level 8 in Fighting
  5498 | D:8      | Reached XP level 10. HP: 106/106 MP: 9/9
  5542 | D:8      | Reached **** piety under Makhleb
  5557 | D:8      | Noticed a gargoyle
  5564 | D:8      | Killed a gargoyle
  5664 | D:8      | Noticed a death yak
  5666 | D:8      | Noticed a death yak
  5763 | D:8      | Found a staircase to the Lair.
  5765 | D:8      | Noticed a death yak
  5964 | Lair:1   | Entered Level 1 of the Lair of Beasts
  6000 | Lair:1   | Reached skill level 9 in Fighting
  6087 | Lair:1   | Noticed a death yak
  6087 | Lair:1   | Noticed a death yak
  6431 | D:9      | Found a staircase to the Orcish Mines.
  6584 | D:9      | Reached skill level 10 in Unarmed Combat
  6592 | D:9      | Reached skill level 10 in Fighting
  6784 | D:9      | Found a sparkling altar of Nemelex Xobeh.
  6790 | D:9      | Noticed a two-headed ogre
  6800 | D:9      | Killed a two-headed ogre
  7179 | D:9      | Found a basalt altar of Yredelemnul.
  7208 | D:10     | Entered Level 10 of the Dungeon
  7227 | D:9      | Reached XP level 11. HP: 46/119 MP: 10/10
  7397 | D:10     | Reached skill level 1 in Invocations
  7616 | D:10     | Reached ***** piety under Makhleb
  7784 | D:10     | Found a flagged portal.
  8423 | D:11     | Noticed a brown ugly thing
  8458 | D:11     | Killed a brown ugly thing
  8575 | D:11     | Reached skill level 11 in Fighting
  8578 | D:11     | Reached skill level 10 in Shapeshifting
  8763 | D:11     | Noticed a white ugly thing
  8776 | D:11     | Killed a white ugly thing
  8893 | D:11     | Noticed a two-headed ogre
  8894 | D:11     | Noticed a two-headed ogre
  8902 | D:11     | Killed a two-headed ogre
  8907 | D:11     | Killed a two-headed ogre
  8908 | D:11     | Reached skill level 1 in Armour
  9461 | D:12     | Noticed a boulder beetle
  9472 | D:12     | Killed a boulder beetle
  9518 | D:12     | Noticed a two-headed ogre
  9526 | D:12     | Killed a two-headed ogre
  9645 | D:12     | Reached XP level 12. HP: 111/131 MP: 13/13
  9938 | D:12     | Identified the ring "Ircheir" {Will- rCorr Int+6 Dex+8
                  | SInv}
 10124 | D:12     | Noticed a two-headed ogre
 10133 | D:12     | Killed a two-headed ogre
 10413 | D:13     | Found Lofuug Giowu's Antique Weapon Shop.
 10431 | D:13     | Found Wigimp's Assorted Antiques.
 10515 | D:13     | Reached skill level 12 in Fighting
 10525 | D:13     | Noticed Jorgrun
 10543 | D:13     | Killed from afar by Jorgrun

Illustrated notes

Levels and vault maps discovered:
D:1:      lightli_arrival_lavapool, layout_basic,
          dreamdust_ecumenical_altar_angels_and_demons
D:2:      layout_basic, serial_shops, shop, basic_altar, minmay_pentomino_pile
D:3:      layout_loops_cross, bloody_makhleb, chequers_hall_statues_y,
          grunt_ministairs_6
D:4:      layout_gridville, mainiacjoe_overflow_alcove_4,
          chequers_ossuary_entry_cave, minivault_1, kennysheep_cluttered_room,
          grunt_ministairs_5, dk_rats_in_the_wall, uniq_ijyb
D:5:      layout_rooms, nicolae_elyvilon_peaceful_grove, uniq_sigmund
D:6:      layout_gridville, mainiacjoe_overflow_paths, minitemple,
          minmay_manual_mares
D:7:      layout_rooms, minmay_temple_entry_junction, kennysheep_another_room
D:8:      layout_cave_pools, dpeg_lair_monsters,
          hangedman_abyss_or_decor_stagger, uniq_gastronok
D:9:      layout_roguey, amcnicky_altar_gilded,
          yredelemnul_forgotten_temple_becter, erik_orc_3,
          chequers_serial_rivers_large_b
D:10:     layout_stronghold, enter_bailey_8, nicolae_underground_beach
D:11:     layout_basic
D:12:     layout_long_grid, kennysheep_opposing_triangles
D:13:     layout_irregular_city, grunt_vaults_entry_fortified, serial_shops,
          shop, shop, shop, nicolae_diamond_shop, shop, uniq_urug, uniq_jorgrun,
          uniq_josephine
Lair:1:   layout_roguey, uniq_nergalle, uniq_harold

Skill      XL: |  1  2  3  4  5  6  7  8  9 10 11 12 |
---------------+-------------------------------------+-----
Fighting       | 1 2 3 4 5 8 10 11 12 | 12.0
Unarmed Combat | 4 5 6 7 9 10 11 | 11.4
Shapeshifting  | 4 5 6 8 9 10 | 10.6
Invocations    | 3 4 |  4.4
Dodging        | 3 |  3.6
Armour         | 2 3 |  3.0

Action                     |  1- 3 |  4- 6 |  7- 9 | 10-12 || total
---------------------------+-------+-------+-------+-------++-------
  Melee: Unarmed           |    99 |   124 |   263 |   330 ||   816
         Punch             |     2 |     4 |     9 |    18 ||    33
  Evoke: Wand              |       |       |       |     5 ||     5
    Use: Scroll            |       |     2 |    11 |    15 ||    28
         Potion            |       |       |     3 |     6 ||     9
   Stab: Distracted        |       |     1 |       |       ||     1
         Sleeping          |       |       |     1 |       ||     1
         Invisible         |       |       |       |     2 ||     2
 Armour: Animal skin       |    32 |    23 |    60 |    32 ||   147
         Skin              |       |       |       |     6 ||     6
         Troll leather arm |       |       |       |     8 ||     8
  Dodge: Dodged            |    47 |    36 |   108 |   111 ||   302
  Block: Other             |     5 |    10 |    73 |    52 ||   140
         Orb               |     2 |     7 |       |       ||     9
         Reflection        |       |       |     6 |     2 ||     8

Table legend: (Time is in decaauts)
 A = Elapsed time spent in this place.
 B = Non-inter-level travel time spent in this place.
 C = Inter-level travel time spent in this place.
 D = Time resting spent in this place.
 E = Time spent auto-exploring this place.
 F = Levels seen in this place.
 G = Mean time per level.
                   A        B        C        D        E       F      G
               +--------+--------+--------+--------+--------+-----+--------+
         Total |  10461 |   9686 |    775 |    349 |   7218 |  15 |  697.4 |
       Dungeon |  10153 |   9378 |    775 |    349 |   7057 |  13 |  781.0 |
          Lair |    112 |    112 |      0 |      0 |     77 |   1 |  112.0 |
       Ossuary |    195 |    195 |      0 |      0 |     84 |   1 |  195.0 |
               +--------+--------+--------+--------+--------+-----+--------+

Top non-repeatable levels by time:
     D:9: 1147 daAuts
    D:10: 1129 daAuts
    D:12: 990 daAuts
    D:11: 893 daAuts
     D:6: 867 daAuts
     D:1: 807 daAuts
     D:2: 754 daAuts
     D:5: 721 daAuts
     D:4: 708 daAuts
     D:7: 703 daAuts
     D:3: 635 daAuts
     D:8: 595 daAuts
    D:13: 197 daAuts
 Ossuary: 195 daAuts
  Lair:1: 112 daAuts
